 Dungeon Sprint DCSS version 0.30-a0-883-g5ad918d77d (webtiles) character file.

Game seed: 7926411278037061803

51 sircluck the Ruffian (level 3, -2/36 HPs)
             Began as a Troll Gladiator on Mar 15, 2023.
             Slain by a water elemental (19 damage)
             ... in the Dungeon (Sprint III: "The Ten Rune Challenge").
             The game lasted 00:01:13 (128 turns).

sircluck the Ruffian (Troll Gladiator)               Turns: 128, Time: 00:01:14

Health: -2/36      AC:  4    Str: 24    XL:     3   Next: 57%
Magic:  2/2        EV: 11    Int:  4    God:
Gold:   23         SH:  0    Dex: 11    Spells: 2/2 levels left

rFire   . . .      SeeInvis .      - Unarmed
rCold   . . .      Faith    .    (no shield)
rNeg    . . .      Spirit   .    a - +0 robe
rPois   .          Reflect  .    b - +0 hat
rElec   .          Rampage  .    (no cloak)
rCorr   .          NoTele   +    (gloves unavailable)
Will    .....                    (boots unavailable)
Stlth   +                        (no amulet)
HPRegen 1.06/turn                (no ring)
MPRegen 0.08/turn                (no ring)

@: engulfed (cannot breathe)
A: large, unfitting armour, claws 3, regeneration 1, shaggy fur 1, tough skin 1
a: no special abilities


You were in the Dungeon.
You visited 1 branch You collected 23 gold pieces.

Inventory:

Missiles
 c - 3 throwing nets (quivered)
 d - a large rock
Armour
 a - a +0 robe (worn)
 b - a +0 hat (worn)
Scrolls
 j - a scroll of blinking
 k - a scroll of torment {unknown}
 m - a scroll of immolation {unknown}
 n - a scroll of fear {unknown}
 p - a scroll of poison {unknown}
 q - a scroll of enchant weapon {unknown}
Potions
 e - a potion of curing
 f - 2 potions of heal wounds
 g - a potion of haste
 h - 2 potions of magic
 i - a potion of berserk rage
 l - 3 potions of mutation {unknown}
 o - a potion of brilliance {unknown}
 r - 2 potions of flight


   Skills:
 + Level 2.3 Fighting
 + Level 2.6 Throwing
 + Level 4.3 Dodging
 + Level 5.5 Unarmed Combat


You had 2 spell levels left.
You didn't know any spells.
Your spell library was empty.

Dungeon Overview and Level Annotations

Branches:
Dungeon (1/1)

Altars:


Innate Abilities, Weirdness & Mutations

You are too large for most types of armour.
You have claws for hands.
Your natural rate of healing is unusually fast.
You are covered in fur. (AC +1)
You have tough skin. (AC +1)


Message History

The phantom hits you.
You miss the phantom.
The phantom is severely damaged.
The phantom barely misses you.
You mangle the phantom!!
You destroy the phantom!
As you open the door, it creaks loudly!
Found 23 gold pieces and 2 sapphire potions.
There is an open door here.
You now have 7 gold pieces.
l - a sapphire potion;
m - a scroll labelled FYESOL NETSEF
n - a scroll labelled GITHRE JEUQY;
f - 2 potions of heal wounds (gained 1)
o - a murky inky potion
l - 2 sapphire potions (gained 1);
p - a scroll labelled MISOOR PESA
q - a scroll labelled CYMAEROBBYORY;
l - 3 sapphire potions (gained 1)
r - 2 potions of flight You now have 23 gold pieces (gained 16).
Your library has no spells.
There is an open door here.
You enter the shallow water.
You open the door.
A water elemental comes into view.
There is an open door to the Ecumenical Temple here.
You scratch the water elemental.
The water elemental is lightly damaged.
The water elemental closely misses you.
You scratch the water elemental but do no damage.
The water elemental is lightly damaged.
The water elemental hits you.
The water elemental engulfs you in water!
You barely miss the water elemental.
The water elemental is lightly damaged.
Your lungs strain for air!
The water elemental hits you!
You closely miss the water elemental.
The water elemental is lightly damaged.
Your lungs strain for air!
The water elemental hits you!!
Ouch! That really hurt!
You die...

▓▓▓▓▓▓▓▓▓▓▓ ▓▓▓
.#..'...♣.♣♣ ♣.#
.#..#......♣ ♣♣.#
'####....♣.♣ ♣..#
†...#....~.♣♣♣♣.###+#+##
....#...~~♣♣♣.♣.#.......
....#..~~~~...♣.@E⌠.....
###'#..~≈≈~~~...#...####
..).#.~~≈~~~....#.⌠.#
....#.~≈~~~.....#...#
....#.~~~.......#+###
#####...........#
................#
▓▓▓▓▓▓▓▓▓▓▓▓▓▓▓▓▓


You could see a water elemental.

Vanquished Creatures
  Jessica (D)
  A human (D)
  A phantom (D)
  An endoplasm (D)
  A rat (D)
5 creatures vanquished.

Notes
Turn   | Place    | Note
-------+----------+-------------------------------------------
     0 | D        | sircluck the Troll Gladiator began the quest for the Orb.
     0 | D        | Reached XP level 1. HP: 19/19 MP: 0/0
    20 | D        | Noticed Jessica
    24 | D        | Killed Jessica
    25 | D        | Reached skill level 4 in Unarmed Combat
    25 | D        | Reached XP level 2. HP: 26/28 MP: 1/1
    60 | D        | Reached skill level 5 in Unarmed Combat
    60 | D        | Reached XP level 3. HP: 35/35 MP: 2/2
   123 | D        | Noticed a water elemental
   128 | D        | Slain by a water elemental

Illustrated notes

Levels and vault maps discovered:
D:        dungeon_sprint_mu [sprint_mu_entry_forest, sprint_mu_temple_rooms,
          sprint_mu_d1_horrors, sprint_mu_d2_genie, sprint_mu_d3_branching,
          sprint_mu_orc_legion, sprint_mu_elf_gauntlet, sprint_mu_hive_nellie,
          sprint_mu_lair_fedhas, sprint_mu_vaults_butterflies,
          sprint_mu_slime_circle, sprint_mu_shoals_kraken,
          sprint_mu_snake_twists, sprint_mu_blade_basic,
          sprint_mu_crypt_chambers, sprint_mu_tomb_spiral,
          sprint_mu_vestibule_basic, sprint_mu_gehenna_hellfire,
          sprint_mu_dis_giant, sprint_mu_tartarus_statrot,
          sprint_mu_cocytus_islands, sprint_mu_zot1]

Skill      XL: |  1  2 |
---------------+-------+-----
Fighting       | 2 |  2.3
Throwing       | 2 |  2.6
Dodging        | 3 4 |  4.3
Unarmed Combat | 4 5 |  5.5

Action                     || total
---------------------------++-------
  Melee: Unarmed           ||    36
         Punch             ||     1
 Armour: Robe              ||     6
  Dodge: Dodged            ||    15

Table legend: (Time is in decaauts)
 A = Elapsed time spent in this place.
 B = Non-inter-level travel time spent in this place.
 C = Inter-level travel time spent in this place.
 D = Time resting spent in this place.
 E = Time spent auto-exploring this place.
 F = Levels seen in this place.
 G = Mean time per level.
                   A        B        C        D        E       F      G
               +--------+--------+--------+--------+--------+-----+--------+
         Total |    124 |    105 |     19 |      0 |     12 |   1 |  124.0 |
       Dungeon |    124 |    105 |     19 |      0 |     12 |   1 |  124.0 |
               +--------+--------+--------+--------+--------+-----+--------+

Top non-repeatable levels by time:
       D: 124 daAuts
